Map: Pillars of Gold LE

Players

Creature

  • Race: Protoss Protoss
  • Spawn Location: 7:00

Robbie (Rob) - Winner!

  • Race: Protoss Protoss
  • League: Grandmaster
  • Spawn Location: 1:00

Event: The Miserable Cup

VOD

Have the link to the VOD?

Description

Time

  • Played on: June 21, 2020, 4:42 p.m.
  • Length: 3:28

All games in this series

Show
View Real Time Build Order
Export as new Build Order

Creature Protoss 

Build Orders:  

Get SALT Encoding   

  1  0:00  Probe  
  12  0:05  Probe  
  14  0:15  Probe  
  15  0:22  Pylon  
  15  0:40  Forge  
  15  1:00  Pylon  
  15  1:02  Pylon  
  15  1:03  Pylon  
  15  1:18  Photon Cannon  
  15  1:26  Pylon  
  15  1:28  Pylon  
  15  1:36  Photon Cannon  
  15  1:38  Gateway  
  15  1:42  Pylon  
  15  1:45  Probe  
  16  1:56  Probe  
  16  2:00  Photon Cannon  
  17  2:04  Probe  
  17  2:11  Assimilator  
  17  2:14  Probe, Photon Cannon  
  18  2:20  Zealot  
  19  2:27  Pylon  
  21  2:40  Cybernetics Core  
  15  3:13  Pylon  
  15  3:15  Pylon  
  15  3:16  Pylon  
Show
View Real Time Build Order
Export as new Build Order

Robbie Protoss - Winner!

Build Orders:  

Get SALT Encoding   

  12  0:00  Probe  
  13  0:12  Probe  
  14  0:24  Probe  
  15  0:37  Pylon  
  15  0:55  Forge  
  15  0:57  Gateway  
  15  0:59  Gateway  
  16  1:14  Pylon  
  16  1:16  Probe  
  16  1:37  Zealot  
  16  1:38  Zealot  
  17  1:43  Photon Cannon  
  18  1:52  Pylon  
  20  1:58  Zealot  
  20  2:06  Zealot  
  24  2:18  Assimilator  
  24  2:23  Pylon  
  24  2:36  Cybernetics Core  
  24  2:45  Photon Cannon  
  24  2:59  Probe  
  27  3:20  Assimilator  
Tags
 
Add a new tag
Caveats
  • Supply blocks, unpowered buildings, or Contaminate may cause inaccurate times.
  • Supply counts are checked every 10 seconds.